 Dungeon Sprint DCSS version 0.17-a0-2208-ge5ab1d3 (webtiles) character file.

1274 esc the Fighter (level 8, -18/102 HPs)
             Began as an Ogre Hunter on Oct 26, 2015.
             Was a Follower of Okawaru.
             Demolished by a hill giant
             ... wielding a cursed -1 giant spiked club
              (31 damage)
             ... in the Dungeon (Sprint III: "The Ten Rune Challenge") on Oct 27, 2015.
             The game lasted 00:05:49 (1104 turns).

esc the Fighter (Ogre Hunter)                       Turns: 1104, Time: 00:05:50

Health: -18/102    AC:  3    Str: 20    XL:     8   Next: 53%
Magic:  8/8        EV: 14    Int: 10    God:    Okawaru [*.....]
Gold:   37         SH:  0    Dex: 12    Spells: 0 memorised, 7 levels left

rFire  . . .     SeeInvis .     g - +0 giant spiked club
rCold  . . .     Clarity  .     d - +0 robe
rNeg   . . .     SustAt   .     (no shield)
rPois  +         Gourm    .     (helmet restricted)
rElec  .         Spirit   .     (no cloak)
rCorr  .         Warding  .     (gloves unavailable)
rMut   .         NoTele   +     (boots unavailable)
MR     .....                    (no amulet)
Stlth  +.........               (no ring)
                                (no ring)

@: not resistant to hostile enchantments, very unstealthy
A: unfitting armour, poison resistance, strong 1, tough skin 1
a: Heroism, Renounce Religion


You were in the Dungeon.
You worshipped Okawaru.
Okawaru was aware of your devotion.
You were not hungry.

You visited 1 branch You collected 37 gold pieces.

Inventory:

Hand Weapons
 c - a +0 short sword
 g - a +0 giant spiked club (weapon)
   (You took it off a two-headed ogre in the Dungeon)
Missiles
 a - 4 large rocks (quivered) {!d}
Armour
 d - a +0 robe (worn)
Scrolls
 k - a scroll of blinking {!r}
 o - a scroll of holy word {!r}
 p - 2 scrolls of identify
 q - 4 scrolls of remove curse
Potions
 f - a potion of curing
 h - a potion of haste
 i - 2 potions of magic
 s - 2 potions of cure mutation {!q}
 t - 2 potions of flight
Books
 n - a book of Alchemy
   (You found it in the Dungeon)
 v - a book of Burglary
   (You found it in the Dungeon)
Comestibles
 e - a bread ration {@e1}
 r - a meat ration {@e2}
 u - 2 royal jellies


   Skills:
 - Level 13.5 Fighting
 + Level 2.1 Maces & Flails
 - Level 11.2 Throwing
 - Level 9.9 Dodging
 - Level 0.7 Stealth


You had 7 spell levels left.
You didn't know any spells.

Dungeon Overview and Level Annotations

Branches:
Dungeon (1/1)

Altars:
Cheibriados
Elyvilon
Fedhas
Kikubaaqudgha
Okawaru
Sif Muna
Trog
Vehumet
Yredelemnul
Zin
The Shining One

Annotations:
D Erolcha


Innate Abilities, Weirdness & Mutations

You are too large for most types of armour.
You have tough skin (AC +1).
Your system is resistant to poisons.
Your muscles are strong. (Str +2)


Message History

The two-headed ogre hits you with a giant club!!
* * * LOW HITPOINT WARNING * * *
You take 18 damage, and have 11/102 hp.
Drink which item? (? for menu, Esc to quit)
You feel much better. The two-headed ogre closely misses you.
The two-headed ogre completely misses you.
You regained 26 hp, and now have 37/102 hp.
You hit the two-headed ogre.
You kill the two-headed ogre!
Okawaru accepts your kill.
a - a large rock {!d}
Things that are here:
a giant club x2
a - 2 large rocks {!d} (gained 1)
You feel yourself speed up.
a - 3 large rocks {!d} (gained 1)
Things that are here:
a giant club x2
There isn't anything to butcher here.
a - 4 large rocks {!d} (gained 1)
Items here: )))) † a giant spiked club x2 a giant club; a giant spiked club; a two-headed ogre corpse You butcher the two-headed ogre corpse.
b - 6 chunks of flesh {@w0}
Items here: )))) a giant spiked club x2 a giant club; a giant spiked club There isn't anything to butcher here.
There isn't anything to butcher here.
g - a giant spiked club You feel less exhausted.
Wield which item (- for none, * to show all)? (? for menu, Esc to quit)
g - a +0 giant spiked club (weapon)
You feel a little less agile now.
There is an open door here.
Eating one of 6 chunks of flesh {@w0}.
You continue eating. x2
Okay, then.
Read which item? (? for menu, Esc to quit)
Okay, then.
Drink which item? (? for menu, Esc to quit)
Okay, then.
You start resting.
All of the chunks of flesh in your inventory have rotted away.
Health restored: 102
There is an open door here.
Things that are here:
a giant spiked club; a giant club; a giant spiked club
Things that are here:
a giant club x2
A hill giant comes into view. It is wielding a giant club.
Aim: a hill giant, wielding a giant club (resting)
You throw a large rock {!d}.
The large rock {!d} hits the hill giant!!
The hill giant shouts!
Aim: a hill giant, wielding a giant club (moderately wounded)
You throw a large rock {!d}.
The large rock {!d} barely misses the hill giant.
Aim: a hill giant, wielding a giant club (moderately wounded)
You throw a large rock {!d}.
The large rock {!d} hits the hill giant!!
You impale the hill giant!!
You kill the hill giant!
Okawaru accepts your kill.
Your Maces & Flails skill gained 2 levels and is now at level 2!
You see here a giant club.
a - 2 large rocks {!d} (gained 1)
a - 4 large rocks {!d} (gained 2)
A hill giant and Erolcha come into view.
Erolcha shouts!
The hill giant shouts!
Erolcha screams, "Blood!"
You hit the hill giant.
Erolcha mumbles some strange words.
Erolcha seems to speed up.
The hill giant misses you.
Erolcha moves out of view.
You hit the hill giant. The hill giant misses you.
The hill giant hits you with a giant spiked club!!!
You hear an angry hiss.
You take 44 damage, and have 58/102 hp.
MASSIVE DAMAGE!!
You bludgeon the hill giant!!
The hill giant hits you with a giant spiked club.
You take 4 damage, and have 54/102 hp.
You barely miss the hill giant. The hill giant misses you.
You hit the hill giant.
The hill giant hits you with a giant spiked club!!!
* * * LOW HITPOINT WARNING * * *
You take 42 damage, and have 12/102 hp.
MASSIVE DAMAGE!!
Drink which item? (? for menu, Esc to quit)
Okay, then.
Aim: a hill giant, wielding a giant spiked club (severely wounded)
Okay, then.
Drink which item? (? for menu, Esc to quit)
Okay, then.
You completely miss the hill giant. The hill giant closely misses you.
You barely miss the hill giant. The hill giant completely misses you.
The hill giant hits you with a giant spiked club!!
You die...

__# ._# )## ..#
..# #'#
..#+##############
..#....#.#.#.....#
..##.#).#.##.###@#
..'##)#.#.##)#.C##
..#...#..#..##..
▓▓▓▓▓▓▓▓▓▓▓▓▓▓▓▓


You could see a hill giant.

Vanquished Creatures
  A deep elf priest (D)
  A shadow (D)
  A hill giant (D)
  A necrophage (D)
  3 two-headed ogres (D)
  A water elemental (D)
  Jessica (D)
  A jelly (D)
  A necromancer (D)
  A wizard (D)
  A kobold demonologist (D)
  3 humans (D)
  2 oozes (D)
  A phantom (D)
  A rat (D)
20 creatures vanquished.

Vanquished Creatures (others)
  2 draconian scorchers (D)
  3 yaktaurs (D)
  3 plants (D)
8 creatures vanquished.

Grand Total: 28 creatures vanquished

Notes
Turn   | Place    | Note
--------------------------------------------------------------
     0 | D        | esc the Ogre Hunter began the quest for the Orb.
     0 | D        | Reached XP level 1. HP: 22/22 MP: 1/1
    12 | D        | Reached skill level 3 in Fighting
    12 | D        | Reached skill level 2 in Dodging
    20 | D        | Reached skill level 4 in Fighting
    20 | D        | Reached XP level 2. HP: 13/32 MP: 2/2
    86 | D        | Killed a yaktaur
   173 | D        | Killed a white draconian scorcher
   199 | D        | Killed a white draconian scorcher
   214 | D        | Noticed Jessica
   219 | D        | Killed Jessica
   219 | D        | Reached skill level 5 in Fighting
   219 | D        | Reached skill level 5 in Throwing
   219 | D        | Reached skill level 3 in Dodging
   219 | D        | Reached XP level 3. HP: 38/42 MP: 3/3
   284 | D        | Reached skill level 6 in Fighting
   284 | D        | Reached skill level 4 in Dodging
   341 | D        | Killed a yaktaur
   400 | D        | Reached XP level 4. HP: 52/52 MP: 4/4
   423 | D        | Gained mutation: Your muscles are strong. (Str +2) [potion of mutation]
   423 | D        | Gained mutation: Your system is resistant to poisons. [potion of mutation]
   423 | D        | Gained mutation: Your muscles are very strong. (Str +4) [potion of mutation]
   424 | D        | Gained mutation: You can breathe flames. [potion of mutation]
   424 | D        | Lost mutation: You can breathe flames. [potion of mutation]
   424 | D        | Lost mutation: Your muscles are very strong. (Str +4) [potion of mutation]
   429 | D        | Noticed a water elemental
   432 | D        | Killed a water elemental
   432 | D        | Reached skill level 7 in Fighting
   432 | D        | Reached skill level 6 in Throwing
   432 | D        | Reached skill level 5 in Dodging
   432 | D        | Reached XP level 5. HP: 58/62 MP: 5/5
   439 | D        | Found a radiant altar of Vehumet.
   440 | D        | Found a deep blue altar of Sif Muna.
   440 | D        | Found an ancient bone altar of Kikubaaqudgha.
   440 | D        | Noticed a wizard
   444 | D        | Killed a wizard
   444 | D        | Reached skill level 8 in Fighting
   444 | D        | Reached skill level 7 in Throwing
   463 | D        | Found a glowing silver altar of Zin.
   463 | D        | Found a glowing golden altar of the Shining One.
   463 | D        | Found a white marble altar of Elyvilon.
   463 | D        | Noticed a deep elf priest
   466 | D        | Killed a deep elf priest
   466 | D        | Reached skill level 10 in Fighting
   466 | D        | Reached skill level 9 in Throwing
   466 | D        | Reached skill level 7 in Dodging
   466 | D        | Reached XP level 6. HP: 67/79 MP: 6/6
   476 | D        | Found an iron altar of Okawaru.
   476 | D        | Found a bloodstained altar of Trog.
   476 | D        | Noticed a human
   476 | D        | Noticed a human
   478 | D        | Killed a human
   478 | D        | Reached skill level 11 in Fighting
   478 | D        | Reached skill level 8 in Dodging
   478 | D        | Reached XP level 7. HP: 77/88 MP: 7/7
   505 | D        | Killed a human
   505 | D        | Reached skill level 12 in Fighting
   505 | D        | Reached skill level 10 in Throwing
   514 | D        | Became a worshipper of Warmaster Okawaru
   609 | D        | Killed a yaktaur
   683 | D        | Found a basalt altar of Yredelemnul.
   683 | D        | Found a snail-covered altar of Cheibriados.
   683 | D        | Found a blossoming altar of Fedhas.
   683 | D        | Noticed a necrophage
   683 | D        | Noticed a necromancer
   686 | D        | Killed a necromancer
   692 | D        | Killed a necrophage
   692 | D        | Reached skill level 9 in Dodging
   720 | D        | Noticed a jelly
   721 | D        | Noticed a shadow
   727 | D        | Killed a jelly
   728 | D        | Killed a shadow
   728 | D        | Reached XP level 8. HP: 81/100 MP: 8/8
   804 | D        | Noticed a two-headed ogre
   804 | D        | Noticed a two-headed ogre
   807 | D        | Killed a two-headed ogre
   807 | D        | Reached skill level 13 in Fighting
   812 | D        | Noticed a two-headed ogre
   817 | D        | Killed a two-headed ogre
   817 | D        | Reached * piety under Okawaru
   817 | D        | Reached skill level 11 in Throwing
   829 | D        | HP: 19/101 [two-headed ogre/giant club (16)]
   835 | D        | Killed a two-headed ogre
  1084 | D        | Noticed a hill giant
  1088 | D        | Killed a hill giant
  1088 | D        | Reached skill level 2 in Maces & Flails
  1097 | D        | Noticed a hill giant
  1097 | D        | Noticed Erolcha
  1102 | D        | HP: 12/102 [hill giant/giant spiked club (43)]
  1104 | D        | Demolished by a hill giant

Vault maps used:
D:        dungeon_sprint_mu

Action                   |  1- 3 |  4- 6 |  7- 9 || total
-------------------------+-------+-------+-------++-------
Melee: Short sword       |    24 |     4 |    51 ||    79
       Giant spiked club |       |       |     8 ||     8
Throw: Large rock        |    11 |    10 |    16 ||    37
       Throwing net      |       |       |     2 ||     2
  Use: Potion            |       |     3 |     4 ||     7
       Scroll            |       |     1 |     1 ||     2
 Stab: Sleeping          |     1 |     1 |       ||     2
       Held in net/web   |       |       |     1 ||     1
  Eat: Chunk             |       |       |     1 ||     1

Vault maps used:
D:        dungeon_sprint_mu

Table legend:
 A = Turns spent in this place as a percentage of turns spent in the entire game.
 B = Non-inter-level travel turns spent in this place as a percentage of non-inter-level travel turns spent in the entire game.
 C = Inter-level travel turns spent in this place as a percentage of turns spent in this place.
 D = Turns resting spent in this place as a percentage of non-inter-level travel turns spent in this place.
 E = Turns spent auto-exploring this place as a percentage of non-inter-level travel turns spent in this place.
 F = Non-inter-level travel turns spent in this place divided by the number of levels of this place that you've seen.
                   A       B       C       D       E      F
               +-------+-------+-------+-------+-------+----------------------
         Total | 100.0 | 100.0 |   0.0 |   3.9 |   0.0 | 358.0
       Dungeon | 100.0 | 100.0 |   0.0 |   3.9 |   0.0 | 358.0
               +-------+-------+-------+-------+-------+----------------------

Table legend:
 A = Kills in this place as a percentage of kills in entire the game.
 B = Kills by you in this place as a percentage of kills by you in the entire game.
 C = Kills by friends in this place as a percentage of kills by friends in the entire game.
 D = Other kills in this place as a percentage of other kills in the entire game.
 E = Experience gained in this place as a percentage of experience gained in the entire game.
 F = Experience gained in this place divided by the number of levels of this place that you have seen.
                   A       B       C       D       E      F
               +-------+-------+-------+-------+-------+----------------------
         Total | 100.0 | 100.0 |  -nan |  -nan | 100.0 | 1821.0
       Dungeon | 100.0 | 100.0 |  -nan |  -nan | 100.0 | 1821.0
               +-------+-------+-------+-------+-------+----------------------
